Map: King Sejong Station LE

Players

Amix - Winner!

  • Race: Terran Terran
  • League: Platinum
  • Spawn Location: 5:00

siebmacher

  • Race: Terran Terran
  • League: Silver
  • Spawn Location: 11:00

VOD

Have the link to the VOD?

Description

Time

  • Played on: Nov. 13, 2016, 5:10 a.m.
  • Length: 9:48
Show
View Real Time Build Order
Export as new Build Order

Amix Terran - Winner!

Build Orders:  

Get SALT Encoding   

  12  0:02  SCV  
  13  0:18  Supply Depot  
  13  0:20  SCV  
  14  0:32  SCV  
  15  0:43  Barracks  
  15  0:44  SCV  
  16  0:56  SCV  
  17  1:08  SCV  
  18  1:20  Command Center  
  18  1:27  Refinery  
  18  1:35  Orbital Command  
  18  1:44  Marine  
  19  1:49  Bunker  
  19  2:02  Marine  
  19  2:03  SCV  
  21  2:15  SCV  
  21  2:19  Marine  
  23  2:25  Supply Depot  
  23  2:31  SCV  
  23  2:37  Marine, Orbital Command  
  24  2:42  Refinery  
  25  2:48  SCV  
  25  2:50  Barracks  
  26  2:57  Supply Depot  
  27  2:59  Barracks Reactor  
  27  3:01  SCV  
  27  3:03  Barracks Tech Lab  
  27  3:06  SCV  
  28  3:13  SCV  
  28  3:18  SCV  
  30  3:25  SCV  
  31  3:28  Marauder  
  31  3:30  SCV  
  34  3:37  SCV  
  35  3:42  SCV  
  35  3:43  Barracks Reactor  
  35  3:45  Combat Shields  
  36  3:49  Marine  
  37  3:57  Engineering Bay  
  37  3:59  SCV x2, Engineering Bay  
  39  4:08  Marine  
  39  4:09  Barracks x2  
  40  4:11  SCV  
  40  4:14  Barracks  
  41  4:22  SCV  
  41  4:23  SCV  
  43  4:25  Terran Infantry Armor Level 1  
  43  4:26  Marine, Terran Infantry Weapons Level 1  
  43  4:30  Refinery  
  44  4:33  Refinery  
  44  4:34  SCV  
  44  4:35  SCV  
  46  4:46  SCV  
  46  4:51  Factory  
  46  4:52  SCV  
  48  4:58  SCV  
  49  5:04  SCV  
  49  5:05  Barracks Tech Lab x2  
  49  5:06  Barracks Reactor  
  50  5:12  Marine x3  
  53  5:16  SCV  
  54  5:32  Supply Depot  
  54  5:34  Supply Depot  
  54  5:36  Supply Depot  
  54  5:38  Supply Depot  
  54  5:43  Armory  
  54  5:54  Marine, SCV x2, Marauder  
  59  5:59  Barracks  
  59  6:02  Barracks  
  59  6:03  Barracks  
  59  6:06  SCV x2  
  61  6:11  Marauder x2  
  61  6:12  Marine  
  61  6:13  Marine  
  61  6:14  Marine  
  61  6:16  Marauder  
  70  6:18  SCV x2  
  72  6:26  Missile Turret  
  72  6:30  SCV x2  
  72  6:31  Terran Infantry Weapons Level 2, Terran Infantry Armor Level 2  
  74  6:33  Marauder  
  74  6:37  Marauder  
  78  6:42  SCV  
  78  6:45  Marine x2  
  78  6:46  Marine x2  
  83  6:52  Supply Depot  
  83  6:53  Supply Depot  
  83  6:54  Supply Depot  
  83  6:55  Supply Depot  
  83  6:58  Marauder  
  85  7:16  Marine x4  
  85  7:17  Marine  
  92  7:26  Barracks Tech Lab x2  
  92  7:27  Barracks Reactor  
  90  7:49  Command Center  
  90  8:02  Command Center  
  90  8:11  Marine  
  90  8:12  Marine x4  
  93  8:13  Marine x6  
  101  8:29  Marine  
  101  8:30  Marine x5  
  101  8:31  Marauder x5  
  117  8:47  Marine  
  117  8:48  Supply Depot x2  
  118  8:50  Supply Depot x3  
  118  8:55  Supply Depot  
  118  9:00  Marine x7  
  118  9:01  Marauder x2  
  129  9:11  Marauder  
  129  9:12  Marine  
  132  9:18  Marine x5, Orbital Command  
  132  9:19  Marauder x2  
  132  9:22  Marine, Marauder  
  144  9:29  Marine  
Show
View Real Time Build Order
Export as new Build Order

siebmacher Terran 

Build Orders:  

Get SALT Encoding   

  12  0:03  SCV  
  13  0:15  SCV  
  14  0:22  Supply Depot  
  14  0:27  SCV  
  15  0:30  Refinery  
  15  0:50  Barracks  
  15  1:04  Engineering Bay  
  15  1:10  Engineering Bay  
  15  1:20  SCV  
  16  1:34  Terran Infantry Weapons Level 1  
  16  1:39  Supply Depot  
  16  1:42  Refinery  
  16  1:44  Marine  
  17  1:55  SCV  
  18  2:01  Marine  
  18  2:07  SCV  
  20  2:10  Terran Infantry Armor Level 1  
  20  2:19  SCV  
  20  2:22  Marine  
  22  2:39  Barracks  
  22  2:42  SCV  
  23  2:48  Marine  
  24  2:54  SCV  
  25  3:06  SCV  
  26  3:16  Marine  
  26  3:18  SCV  
  28  3:28  Factory  
  28  3:31  Orbital Command  
  28  3:33  Marine  
  29  3:34  Barracks Reactor  
  29  3:51  Marine  
  29  3:54  Supply Depot  
  30  4:09  Marine  
  31  4:12  Factory Tech Lab  
  31  4:16  Supply Depot  
  31  4:27  Marine  
  32  4:31  Siege Tank  
  32  4:34  Marine  
  32  4:35  Marine  
  37  4:45  Marine  
  38  4:47  Supply Depot  
  38  4:52  Marine  
  39  5:03  Siege Tank  
  42  5:16  Supply Depot  
  42  5:35  Siege Tank  
  42  5:42  Supply Depot  
  45  5:45  Command Center  
  45  5:54  Barracks Tech Lab  
  45  6:00  Marine x2  
  47  6:07  Siege Tank  
  50  6:13  Starport  
  50  6:17  Starport  
  50  6:18  Marine x2  
  52  6:35  Marine  
  52  6:36  Marine  
  57  6:40  Siege Tank  
  57  6:53  Marine  
  58  7:12  Siege Tank  
  61  7:20  Marine x2  
  63  7:35  Starport Tech Lab  
  63  7:37  Marine  
  63  7:38  Marine, Starport Tech Lab  
  63  7:41  SCV  
  63  7:44  Siege Tank  
  69  7:53  SCV, Liberator  
  69  7:55  Marine x2, Armory  
  72  7:59  Supply Depot  
  72  8:01  Liberator  
  72  8:05  SCV  
  76  8:13  Marine x2  
  76  8:16  Siege Tank  
  76  8:17  SCV  
  85  8:22  Supply Depot  
  84  8:29  SCV  
  85  8:40  Marauder  
  87  8:41  Liberator  
  87  8:48  Siege Tank  
  90  9:01  Marauder  
  95  9:23  Marauder  
Tags
 
Add a new tag
Caveats
  • Supply blocks, unpowered buildings, or Contaminate may cause inaccurate times.
  • Supply counts are checked every 10 seconds.